 Dungeon Crawl Stone Soup version 0.27.0-1-g7a089689b8 (webtiles) character file.

Game seed: 4132647048011969861

48 SnakkuSnakku7 the Chopper (level 3, 0/20 HPs)
             Began as a Vine Stalker Berserker on Aug 11, 2021.
             Was a Believer of Trog.
             Killed by nerve-wracking pain
             ... invoked by Jessica
              (6 damage)
             ... on level 2 of the Dungeon.
             The game lasted 00:01:46 (682 turns).

SnakkuSnakku7 the Chopper (Vine Stalker Berserker)   Turns: 682, Time: 00:01:47

Health: 0/20       AC:  5    Str: 20    XL:     3   Next: 72%
Magic:  0/4        EV: 11    Int:  7    God:    Trog [**....]
Gold:   18         SH:  0    Dex: 13    Spells: 2/2 levels left

rFire    . . .     SeeInvis .   a - +0 hand axe
rCold    . . .     Faith    .   (no shield)
rNeg     . . .     Spirit   +   f - +0 ring mail
rPois    .         Reflect  .   (no helmet)
rElec    .         Harm     .   (no cloak)
rCorr    .         Rampage  .   (no gloves)
Will     .....                  (no boots)
Stlth    +.........             (no amulet)
HPRegen  0.06/turn              (no ring)
MPRegen  0.09/turn              (no ring)

@: on berserk cooldown
A: fangs 2, magic shield, antimagic bite, no potion heal 2
a: Renounce Religion, Berserk, Trog's Hand


You were on level 2 of the Dungeon.
You worshipped Trog.
Trog was pleased with you.
You visited 1 branch of the dungeon, and saw 2 of its levels.

You collected 18 gold pieces.

Inventory:

Hand Weapons
 a - a +0 hand axe (weapon)
Armour
 b - a +0 animal skin
 f - a +0 ring mail (worn)
Jewellery
 e - a ring of willpower
Scrolls
 c - a scroll of identify {unknown}
Potions
 d - a potion of lignification {unknown}


   Skills:
 + Level 3.5 Fighting
 + Level 3.5 Axes
 - Level 1.5 Armour
 - Level 1.5 Dodging


You had 2 spell levels left.
You didn't know any spells.
Your spell library was empty.

Dungeon Overview and Level Annotations

Branches:
Dungeon (2/15)

Altars:

Shops:
D:2 ([

Annotations:
D:2 Jessica


Innate Abilities, Weirdness & Mutations

You have extremely sharp teeth.
When hurt, damage is shared between your health and your magic reserves.
Your bite disrupts and absorbs the magic of your enemies.
Potions cannot restore your health.


Message History

Jessica blinks!
The hobgoblin hits you but does no damage.
You slash the hobgoblin!
You kill the hobgoblin!
Trog accepts your kill.
Jessica mumbles some strange words.
Jessica blinks!
You feel the effects of Trog's Hand fading.
You see here a hobgoblin corpse.
Jessica gestures wildly while chanting.
Jessica blinks!
Your skin stops crawling.
You feel less strong-willed.
You slash Jessica!
Jessica is severely wounded.
Jessica grins evilly.
Jessica gestures at you while chanting. Pain shoots through your body!
Jessica barely misses you.
You closely miss Jessica.
Jessica is severely wounded.
Jessica hits you but does no damage. Jessica closely misses you.
Jessica hits you with a +0 dagger.
You hit Jessica but do no damage. Your bite misses Jessica.
Jessica is severely wounded.
You feel yourself speed up.
Jessica casts a spell.
Jessica blinks!
Jessica mumbles something strange.
Jessica gestures wildly while chanting.
Jessica blinks!
There is a stone staircase leading down here.
Jessica gestures at you while chanting.
You barely resist. Jessica casts a spell at you. Pain shoots through your body!
* * * LOW HITPOINT WARNING * * *
A quokka comes into view.
Jessica gestures wildly.
Jessica points at you and mumbles some strange words.
Pain shoots through your body!
You die...

###...#..†#.#.##.##.####
.......∩................
###............#.##.####
#...#.#.#....#.# ..
......#.#.#.#..<.######
#.......#.#..>........#
#.......#.#.#....####.#
.................#
#..........@#....#
.................
......@..........
r....#.#.........
.....#.#..#.##### ....
#.#.##.# ... ..... ..
#.. #. .. .


You could see Jessica (fast) and a quokka (wandering).

Vanquished Creatures
  2 dart slugs (D:1)
  6 bats (D:1)
  5 endoplasms
  3 giant cockroaches
  4 goblins (D:1)
  4 hobgoblins
  2 jackals (D:1)
  2 kobolds
  A ball python (D:2)
  A frilled lizard (D:1)
  9 rats
39 creatures vanquished.

Vanquished Creatures (others)
  A plant (D:1)
1 creature vanquished.

Grand Total: 40 creatures vanquished

Notes
Turn   | Place    | Note
-------+----------+-------------------------------------------
     0 | D:1      | SnakkuSnakku7 the Vine Stalker Berserker began the quest
                  | for the Orb.
     0 | D:1      | Reached XP level 1. HP: 11/11 MP: 2/2
    66 | D:1      | Reached XP level 2. HP: 10/16 MP: 1/3
   217 | D:1      | Reached XP level 3. HP: 12/20 MP: 4/4
   292 | D:1      | HP: 1/20 [dart slug (1)]
   294 | D:1      | Reached ** piety under Trog
   633 | D:2      | Found Eblaa's Antique Armour Boutique.
   647 | D:2      | Found Vuinkulu's Antique Weapon Emporium.
   660 | D:2      | Noticed Jessica
   682 | D:2      | Killed from afar by Jessica

Illustrated notes

Levels and vault maps discovered:
D:1:      giann_bridges, layout_loops_ring
D:2:      layout_basic, serial_shops, shop, nicolae_square_shop, shop, shop,
          uniq_jessica

Skill      XL: |  1  2 |
---------------+-------+-----
Fighting       | 3 |  3.5
Axes           | 3 |  3.5
Armour         | |  1.5
Dodging        | |  1.5

Action                   || total
-------------------------++-------
Melee: Hand axe          ||    97
       Bite              ||    20
Invok: Berserk           ||     3
       Trog's Hand       ||     1
 Stab: Sleeping          ||     1
Armor: Animal skin       ||    26
       Ring mail         ||     6
Dodge: Dodged            ||    87
